 Dungeon Crawl Stone Soup version 0.30-a0-1066-g63dfefce0d (webtiles) character file.

Game seed: 15265407305380913576

350 Adrian566 the Chopper (level 6, -2/51 HPs)
             Began as a Demigod Fighter on Apr 12, 2023.
             Slain by an ogre
             ... wielding a +0 giant club
              (28 damage)
             ... on level 4 of the Dungeon.
             The game lasted 00:03:24 (2577 turns).

Adrian566 the Chopper (Demigod Fighter)             Turns: 2577, Time: 00:03:25

Health: -2/51      AC:  8    Str: 25    XL:     6   Next: 11%
Magic:  8/8        EV: 10    Int: 10    God:
Gold:   201        SH:  9    Dex: 13    Spells: 5/5 levels left

rFire   . . .      SeeInvis .    a - +0 war axe
rCold   . . .      Faith    .    c - +0 buckler
rNeg    . . .      Spirit   .    b - +0 scale mail
rPois   .          Reflect  +    h - +2 hat
rElec   .          Rampage  .    (no cloak)
rCorr   .                        (no gloves)
Will    .....                    (no boots) Stlth
                                 e - amulet of reflection
HPRegen 0.28/turn                (no ring)
MPRegen 0.11/turn                (no ring)

@: no status effects
A: high MP 1, forlorn, divine attributes
a: no special abilities


You were on level 4 of the Dungeon.
You visited 1 branch of the dungeon, and saw 4 of its levels.

You collected 201 gold pieces.

Inventory:

Hand Weapons
 a - a +0 war axe (weapon)
Armour
 b - a +0 scale mail (worn)
 c - a +0 buckler (worn)
 h - a +2 hat (worn)
Jewellery
 e - an amulet of reflection (around neck)
 i - a ring of wizardry
Wands
 l - a wand of polymorph (12) (quivered)
Scrolls
 d - a scroll of noise {unknown}
 f - a scroll of fog {unknown}
 g - 2 scrolls of identify {unknown}


   Skills:
 + Level 3.2 Fighting
 * Level 5.0 Axes
 + Level 3.2 Armour
 + Level 1.1 Dodging
 + Level 0.3 Stealth
 + Level 3.3 Shields


You had 5 spell levels left.
You didn't know any spells.
Your spell library contained the following spells:

 Spells                   Type           Power      Damage    Failure   Level
 Vhi's Electric Charge    Tloc/Air       0%         N/A       98%         3
 Arcjolt                  Conj/Air       0%         1d10      100%        5
 Plasma Beam              Fire/Air       0%         2x1d11    100%        6


Dungeon Overview and Level Annotations

Branches:
Dungeon (4/15)
 Temple: D:4-7


Innate Abilities, Weirdness & Mutations

You have an increased reservoir of magic. (+10% MP)
You shall have no god before yourself.
Your divine heritage dramatically boosts your attributes as you level up.


Message History

You block the quokka's attack.
You slash the quokka!
You kill the quokka!
No target in view!
No target in view!
Sorry, you're not good enough to have a special ability.
d - a scroll labelled WIVOAR NOTIEN You now have 189 gold pieces (gained 9).
You now have 201 gold pieces (gained 12).
You open the door.
There is an open door here.
Found a stone staircase leading down.
An endoplasm comes into view.
The endoplasm quivers.
You slash the endoplasm!
You kill the endoplasm!
No target in view!
No target in view!
No target in view!
You open the door.
Found a sling.
No target in view!
There is an open door here.
An ogre comes into view. It is wielding a +0 giant club.
The ogre shouts!
You block the ogre's attack.
You hit the ogre.
The ogre is lightly wounded.
The ogre hits you with a +0 giant club!!
Ouch! That really hurt!
You are too injured to fight recklessly!
You are too injured to fight recklessly!
You are too injured to fight recklessly!
You are too injured to fight recklessly!
You are too injured to fight recklessly!
You slash the ogre!
The ogre is heavily wounded.
The ogre hits you with a +0 giant club!!
Ouch! That really hurt!
You die...

#....#.. ....#......#.####
#....#.. .....######.#.####
#....#.#########..#.#### #.#.##..
.....#...................#.#.##..
.....#...........................
.###.#.................#.........
.......#.####..).......#.........
.###...#.# #..........#.........
.......#.####'##@.#.####.........
.###...#.##....#O.# #......... .#
#>..........+.... .....)..... .#
#.###.##....#..#.# ##......... .#
#.# #.#######..#... .# #.# #.#
#..# ##...[. .# #.# #.#######..#
..... .# #.# #.#........# ##.....
.###.###.#........##.......


You could see an ogre.

Vanquished Creatures
  An ogre (D:4)
  2 orc priests
  An orc wizard (D:4)
  Robin (D:2)
  4 adders (D:3)
  A worm (D:4)
  5 dart slugs
  9 orcs
  9 ball pythons
  7 endoplasms
  7 giant cockroaches
  13 goblins
  17 hobgoblins
  4 jackals
  5 quokkas
  6 bats
  2 frilled lizards
  4 kobolds
  8 rats
106 creatures vanquished.

Notes
Turn   | Place    | Note
-------+----------+-------------------------------------------
     0 | D:1      | Adrian566 the Demigod Fighter began the quest for the Orb.
     0 | D:1      | Reached XP level 1. HP: 18/18 MP: 3/3
   215 | D:1      | Reached skill level 2 in Axes
   215 | D:1      | Reached XP level 2. HP: 23/25 MP: 4/4
   631 | D:1      | Reached XP level 3. HP: 30/30 MP: 5/5
   811 | D:2      | Noticed Robin
   827 | D:2      | Killed Robin
   828 | D:2      | Reached skill level 3 in Axes
   986 | D:2      | Reached XP level 4. HP: 36/37 MP: 6/6
  1590 | D:3      | Reached XP level 5. HP: 32/45 MP: 7/7
  1827 | D:3      | Reached skill level 4 in Axes
  2356 | D:4      | Noticed an ogre
  2369 | D:4      | Killed an ogre
  2370 | D:4      | Reached skill level 5 in Axes
  2370 | D:4      | Reached skill level 1 in Dodging
  2370 | D:4      | Reached XP level 6. HP: 12/51 MP: 8/8
  2577 | D:4      | Slain by an ogre

Illustrated notes

Levels and vault maps discovered:
D:1:      onia_arrival_pyramid, layout_basic
D:2:      layout_rooms, uniq_crazy_yiuf_cottage, uniq_robin
D:3:      minmay_chambers_of_twos, layout_loops_ring, kennysheep_cross_room
D:4:      layout_basic, grunt_ministairs_3

Skill      XL: |  1  2  3  4  5 |
---------------+----------------+-----
Shields        | 3 |  3.3
Axes           | 2 3 5 |  5.0
Fighting       | 3 |  3.2
Armour         | 3 |  3.2
Dodging        | 1 |  1.1
Stealth        | |  0.3

Action                     |  1- 3 |  4- 6 || total
---------------------------+-------+-------++-------
  Melee: War axe           |   112 |   143 ||   255
    Use: Potion            |     1 |     5 ||     6
         Scroll            |       |     2 ||     2
 Armour: Scale mail        |    41 |    65 ||   106
         Skin              |       |    15 ||    15
  Dodge: Dodged            |    52 |    68 ||   120
  Block: Buckler           |    32 |    75 ||   107
         Reflection        |       |     1 ||     1

Table legend: (Time is in decaauts)
 A = Elapsed time spent in this place.
 B = Non-inter-level travel time spent in this place.
 C = Inter-level travel time spent in this place.
 D = Time resting spent in this place.
 E = Time spent auto-exploring this place.
 F = Levels seen in this place.
 G = Mean time per level.
                   A        B        C        D        E       F      G
               +--------+--------+--------+--------+--------+-----+--------+
         Total |   2688 |   2587 |    101 |    128 |   1826 |   4 |  672.0 |
       Dungeon |   2688 |   2587 |    101 |    128 |   1826 |   4 |  672.0 |
               +--------+--------+--------+--------+--------+-----+--------+

Top non-repeatable levels by time:
     D:3: 926 daAuts
     D:1: 732 daAuts
     D:2: 539 daAuts
     D:4: 490 daAuts
